 Dungeon Crawl Stone Soup version 0.21.0-24-g2553a33 (webtiles) character file.

165 tidbits the Poker (level 5, 27/41 HPs)
             Began as a Gnoll Wanderer on Jan 19, 2018.
             Quit the game on level 7 of the Dungeon.
             The game lasted 00:07:27 (952 turns).

tidbits the Poker (Gnoll Wanderer)                   Turns: 952, Time: 00:07:28

Health: 27/41      AC:  2    Str: 15    XL:     5   Next: 46%
Magic:  4/9        EV: 13    Int: 16    God:
Gold:   97         SH:  0    Dex: 13    Spells: 2/10 levels left

rFire    + . .     SeeInvis .   a - +0 short sword (protect)
rCold    . . .     Gourm    .   (no shield)
rNeg     . . .     Faith    .   d - +0 robe
rPois    .         Spirit   .   (no helmet)
rElec    .         Reflect  .   (no cloak)
rCorr    +         Harm     .   (no gloves)
MR       .....                  (no boots)
Stlth    ++........             (no amulet)
HPRegen  0.13/turn              i - ring of protection from fire
MPRegen  0.11/turn              u - ring of resist corrosion

@: no status effects
A: distributed training, fangs 1, strong nose
a: no special abilities


You were on level 7 of the Dungeon.
You were full.

You visited 1 branch of the dungeon, and saw 7 of its levels.

You collected 97 gold pieces.

Inventory:

Hand Weapons
 a - a +0 short sword of protection (weapon)
   (You found it on level 1 of the Dungeon)
 c - a +0 spear
 l - a +2 hand axe of freezing
   (You took it off an orc on level 3 of the Dungeon)
 n - a +0 morningstar
Missiles
 g - 2 tomahawks (quivered)
 j - 33 arrows
Armour
 d - a +0 robe (worn)
 e - a cursed +0 scale mail
Jewellery
 i - a ring of protection from fire (left hand)
   (You found it on level 2 of the Dungeon)
 u - a ring of resist corrosion (right hand)
   (You found it on level 4 of the Dungeon)
Wands
 q - a wand of flame (34)
Scrolls
 r - 2 scrolls of remove curse
Potions
 b - a potion of curing
 h - a potion of cancellation {unknown}
 t - a potion of haste {unknown}
Books
 k - a book of Battle

   Spells                             Type                      Level
   a - Infusion                       Charms                       1
   b - Shroud of Golubria             Charms/Translocation         2
   c - Song of Slaying                Charms                       2
   d - Spectral Weapon                Hexes/Charms                 3
   e - Regeneration                   Charms/Necromancy            3
 m - a book of Minor Magic
   (You found it on level 4 of the Dungeon)

   Spells                             Type                      Level
   a - Magic Dart                     Conjuration                  1
   b - Blink                          Translocation                2
   c - Call Imp                       Summoning                    2
   d - Slow                           Hexes                        2
   e - Conjure Flame                  Conjuration/Fire             3
   f - Mephitic Cloud                 Conjuration/Poison/Air       3
Comestibles
 f - 7 rations


   Skills:
 + Level 3.0 Fighting
 + Level 1.4 Short Blades
 + Level 1.4 Long Blades
 + Level 1.4 Axes
 + Level 1.4 Maces & Flails
 + Level 6.7 Polearms
 + Level 1.4 Staves
 + Level 1.4 Slings
 + Level 1.4 Bows
 + Level 1.4 Crossbows
 + Level 1.4 Throwing
 + Level 1.4 Armour
 + Level 3.0 Dodging
 + Level 2.7 Stealth
 + Level 3.0 Shields
 + Level 1.4 Unarmed Combat
 + Level 3.1 Spellcasting
 + Level 1.1 Conjurations
 + Level 1.1 Hexes
 + Level 3.9 Charms
 + Level 1.1 Summonings
 + Level 1.1 Necromancy
 + Level 1.1 Translocations
 + Level 1.1 Transmutations
 + Level 1.1 Fire Magic
 + Level 1.1 Ice Magic
 + Level 1.1 Air Magic
 + Level 1.1 Earth Magic
 + Level 1.1 Poison Magic
 + Level 1.6 Invocations
 + Level 1.4 Evocations


You had 2 spell levels left.
You knew the following spells:

 Your Spells              Type           Power        Failure   Level  Hunger
g - Shroud of Golubria    Chrm/Tloc      ##........   10%         2    ##.....
i - Infusion              Chrm           ###.         3%          1    None
r - Regeneration          Chrm/Necr      ##........   19%         3    ###....
y - Song of Slaying       Chrm           ###.....     5%          2    ##.....


Dungeon Overview and Level Annotations

Branches:
Dungeon (6/15)
 Temple: D:4-7

Altars:
Zin

Annotations:
D:3 Sigmund


Innate Abilities, Weirdness & Mutations

Your experience applies equally to all skills.
You have very sharp teeth.
Your uncanny sense of smell can sniff out nearby items.


Message History

The iguana is heavily wounded.
The iguana barely misses you.
You closely miss the iguana. You bite the iguana, but do no damage.
The iguana is heavily wounded.
The iguana closely misses you.
You hit the iguana. Your bite misses the iguana.
The iguana is heavily wounded.
The iguana barely misses you.
You hit the iguana.
The iguana is severely wounded.
The iguana barely misses you.
You closely miss the iguana.
The iguana is severely wounded.
Your magical infusion is running out.
The iguana closely misses you.
You hit the iguana but do no damage.
The iguana is severely wounded.
The iguana bites you!
You barely miss the iguana. Your bite misses the iguana.
The iguana is severely wounded.
The iguana bites you.
* * * LOW HITPOINT WARNING * * *
You barely miss the iguana.
The iguana is severely wounded.
The iguana bites you.
* * * LOW HITPOINT WARNING * * *
You hit the iguana.
The iguana is almost dead.
The iguana bites you.
* * * LOW HITPOINT WARNING * * *
You hit the iguana but do no damage.
The iguana is almost dead.
The iguana misses you.
You hit the iguana.
The iguana is almost dead.
You are no longer magically infusing your attacks.
The iguana closely misses you.
You hit the iguana but do no damage.
The iguana is almost dead.
The iguana bites you.
* * * LOW HITPOINT WARNING * * *
You hit the iguana.
You kill the iguana!
Your Fighting skill increases to level 3!
Your Dodging skill increases to level 3!
Your Shields skill increases to level 3!
Unknown command.
Casting: Infusion
Confirm with . or Enter, or press ? or * to list all spells.
Your skin crawls.
Found a stone staircase leading down.
There is a stone staircase leading up here.
You climb upwards.
There is a stone staircase leading down here.
Unknown command.
Your skin is crawling a little less now.
You open the door.
Found a ration.
A shadow imp comes into view.
There is an open door here.
Your skin stops crawling.
There is a stone staircase leading down here.
You climb downwards.
There is a stone staircase leading up here.
Unknown command.
Casting: Regeneration
Confirm with . or Enter, or press ? or * to list all spells.
Your skin crawls.
There is a stone staircase leading down here.
You climb downwards.
There is a stone staircase leading up here.
Unknown command.
A quokka comes into view.
Your skin is crawling a little less now.
The quokka bites you but does no damage.
You barely miss the quokka. The quokka closely misses you.
You closely miss the quokka. The quokka bites you.
You hit the quokka but do no damage.
Your weapon exudes an aura of protection.
You bite the quokka, but do no damage. The quokka barely misses you.
The quokka closely misses you.
You closely miss the quokka. The quokka misses you.
You hit the quokka.
The quokka is heavily wounded.
Your skin stops crawling.
The quokka closely misses you.
You hit the quokka.
You kill the quokka!
You see here a quokka corpse.
Okay, then.
Found 9 stones.
You fall through a shaft!
The shaft crumbles and collapses. 2 orcs, an orc warrior, an orc priest and an orc wizard come into view.
Found a glowing silver altar of Zin.
The orc warrior shouts!
The orc shouts!
The orc priest shouts!
Okay, then.
Okay, then.
Are you sure you want to abandon this character and quit the game? (Confirm with "yes".)

#.....# ##
#.....#
..####.....##
#..o........#
#.#.o...o...#
##...........#
#..oo........#
#........@...#
#...........##
#.♣♣._.♣..##
#.♣♣♣♣### #


You could see an orc warrior, an orc priest, an orc wizard and 2 orcs.

Vanquished Creatures
  A hound (D:4)
  2 iguanas
  An orc wizard (D:3)
  An adder (D:2)
  2 oozes
  3 dart slugs
  3 orcs (D:3)
  7 giant cockroaches
  3 hobgoblins
  A quokka (D:6)
  2 ball pythons (D:1)
  2 bats (D:3)
  4 kobolds
  4 rats
36 creatures vanquished.

Notes
Turn   | Place    | Note
-------+----------+-------------------------------------------
     0 | D:1      | tidbits the Gnoll Wanderer began the quest for the Orb.
     0 | D:1      | tidbits set off with: a book of Battle, a potion of curing, a +0 spear, a +0 robe, a ration
     0 | D:1      | Reached XP level 1. HP: 17/17 MP: 4/4
     2 | D:1      | Learned a level 1 spell: Infusion
    58 | D:2      | Reached XP level 2. HP: 23/23 MP: 3/5
    62 | D:2      | Learned a level 2 spell: Song of Slaying
    65 | D:2      | Learned a level 2 spell: Shroud of Golubria
   174 | D:3      | Noticed an ogre
   187 | D:2      | Reached XP level 3. HP: 24/28 MP: 2/7
   380 | D:2      | Reached skill level 1 in Invocations
   468 | D:3      | Noticed Sigmund
   487 | D:3      | Reached skill level 1 in Short Blades
   487 | D:3      | Reached skill level 1 in Long Blades
   487 | D:3      | Reached skill level 1 in Axes
   487 | D:3      | Reached skill level 1 in Maces & Flails
   487 | D:3      | Reached skill level 1 in Staves
   487 | D:3      | Reached skill level 1 in Slings
   487 | D:3      | Reached skill level 1 in Bows
   487 | D:3      | Reached skill level 1 in Crossbows
   487 | D:3      | Reached skill level 1 in Throwing
   487 | D:3      | Reached skill level 1 in Armour
   487 | D:3      | Reached skill level 1 in Unarmed Combat
   487 | D:3      | Reached skill level 1 in Evocations
   512 | D:3      | Reached skill level 3 in Spellcasting
   512 | D:3      | Reached XP level 4. HP: 10/34 MP: 0/8
   619 | D:4      | Learned a level 3 spell: Regeneration
   724 | D:4      | Reached skill level 1 in Conjurations
   724 | D:4      | Reached skill level 1 in Hexes
   724 | D:4      | Reached skill level 1 in Summonings
   724 | D:4      | Reached skill level 1 in Necromancy
   724 | D:4      | Reached skill level 1 in Translocations
   724 | D:4      | Reached skill level 1 in Transmutations
   724 | D:4      | Reached skill level 1 in Fire Magic
   724 | D:4      | Reached skill level 1 in Ice Magic
   724 | D:4      | Reached skill level 1 in Air Magic
   724 | D:4      | Reached skill level 1 in Earth Magic
   724 | D:4      | Reached skill level 1 in Poison Magic
   733 | D:4      | Noticed a bullfrog
   792 | D:4      | Reached XP level 5. HP: 27/40 MP: 2/9
   867 | D:5      | Entered Level 5 of the Dungeon
   902 | D:5      | HP: 2/40 [iguana (6)]
   903 | D:5      | Reached skill level 3 in Fighting
   903 | D:5      | Reached skill level 3 in Dodging
   903 | D:5      | Reached skill level 3 in Shields
   949 | D:6      | You fall through a shaft!
   949 | D:7      | Found a glowing silver altar of Zin.
   949 | D:7      | Noticed an orc warrior
   952 | D:7      | Quit the game

Skill      XL: |  1  2  3  4  5 |
---------------+----------------+-----
Invocations    | 1 |  1.6
Short Blades   | 1 |  1.4
Long Blades    | 1 |  1.4
Axes           | 1 |  1.4
Maces & Flails | 1 |  1.4
Staves         | 1 |  1.4
Slings         | 1 |  1.4
Bows           | 1 |  1.4
Crossbows      | 1 |  1.4
Throwing       | 1 |  1.4
Armour         | 1 |  1.4
Unarmed Combat | 1 |  1.4
Evocations     | 1 |  1.4
Spellcasting   | 3 |  3.1
Conjurations   | 1 |  1.1
Hexes          | 1 |  1.1
Summonings     | 1 |  1.1
Necromancy     | 1 |  1.1
Translocations | 1 |  1.1
Transmutations | 1 |  1.1
Fire Magic     | 1 |  1.1
Ice Magic      | 1 |  1.1
Air Magic      | 1 |  1.1
Earth Magic    | 1 |  1.1
Poison Magic   | 1 |  1.1
Fighting       | 3 |  3.0
Dodging        | 3 |  3.0
Shields        | 3 |  3.0
Polearms       | |  6.7
Stealth        | |  2.7
Charms         | |  3.9

Action                   |  1- 3 |  4- 6 || total
-------------------------+-------+-------++-------
Melee: Spear             |    47 |       ||    47
       Bite              |    10 |     4 ||    14
       Short sword       |    46 |    41 ||    87
 Cast: Infusion          |    12 |     3 ||    15
       Shroud of Golubri |     1 |       ||     1
       Regeneration      |       |     4 ||     4
  Use: Scroll            |     1 |     5 ||     6
       Potion            |     1 |       ||     1
 Stab: Sleeping          |     4 |     2 ||     6
       Invisible         |     1 |       ||     1
  Eat: Ration            |     2 |       ||     2
Armor: Robe              |    23 |     6 ||    29
Dodge: Dodged            |    53 |    26 ||    79

Table legend:
 A = Turns spent in this place as a percentage of turns spent in the entire game.
 B = Non-inter-level travel turns spent in this place as a percentage of non-inter-level travel turns spent in the entire game.
 C = Inter-level travel turns spent in this place as a percentage of turns spent in this place.
 D = Turns resting spent in this place as a percentage of non-inter-level travel turns spent in this place.
 E = Turns spent auto-exploring this place as a percentage of non-inter-level travel turns spent in this place.
 F = Non-inter-level travel turns spent in this place divided by the number of levels of this place that you've seen.
                   A       B       C       D       E      F
               +-------+-------+-------+-------+-------+----------------------
         Total | 100.0 | 100.0 |   3.6 |   0.0 |   0.0 | 131.1
       Dungeon | 100.0 | 100.0 |   3.6 |   0.0 |   0.0 | 131.1
               +-------+-------+-------+-------+-------+----------------------

Table legend:
 A = Kills in this place as a percentage of kills in entire the game.
 B = Kills by you in this place as a percentage of kills by you in the entire game.
 C = Kills by friends in this place as a percentage of kills by friends in the entire game.
 D = Other kills in this place as a percentage of other kills in the entire game.
 E = Experience gained in this place as a percentage of experience gained in the entire game.
 F = Experience gained in this place divided by the number of levels of this place that you have seen.
                   A       B       C       D       E      F
               +-------+-------+-------+-------+-------+----------------------
         Total | 100.0 | 100.0 |   N/A |   N/A | 100.0 |  33.7
       Dungeon | 100.0 | 100.0 |   N/A |   N/A | 100.0 |  33.7
               +-------+-------+-------+-------+-------+----------------------

Vault maps used:
D:1:      dpeg_arrival_long_road
D:2:      first_ration, chequers_ecumenical_altar_simple_redux, uniq_terence
D:3:      lemuel_blue_sif_altar, uniq_sigmund
D:4:      vehumet_altar_wand_db, minivault_26, minivault_5
D:5:      serial_bayou_ford_a, hangedman_decor_points,
          nicolae_gozag_cash_rules_everything_around_me
D:6:      lemuel_doored_altar, minmay_temple_entry_from_below_a
D:7:      zin_academy, grunt_qazlal_sundering
